 Dungeon Sprint DCSS version 0.30.1-4-g462c640d31 (webtiles) character file.

Game seed: 18079995981943110545

25 Heoruswealwe the Charlatan (level 2, 6/14 HPs)
             Began as a Spriggan Artificer on Aug 28, 2023.
             Got out of the dungeon alive.
             The game lasted 00:00:34 (11 turns).

Heoruswealwe the Charlatan (Spriggan Artificer)       Turns: 11, Time: 00:00:34

Health: 6/14       AC:  2    Str:  8    XL:     2   Next: 82%
Magic:  3/3        EV: 19    Int: 12    God:
Gold:   0          SH:  0    Dex: 15    Spells: 1/1 levels left

rFire   . . .        a - +0 club
rCold   . . .        (no shield)
rNeg    . . .        b - +0 robe
rPois   .            (helmet restricted)
rElec   .            (no cloak)
rCorr   .            (gloves unavailable)
SInv    +            (boots unavailable)
Will    .....        (no amulet)
Stlth   ++           (no ring)
HPRegen 0.22/turn    (no ring)
MPRegen 0.08/turn

%: no teleportation
@: very quick
A: very small, no large weapons, unfitting armour, see invisible, speed 3
a: no special abilities


You escaped.
You visited 1 branch

Inventory:

Hand Weapons
 a - a +0 club (weapon)
Armour
 b - a +0 robe (worn)
Wands
 c - a wand of flame (9) (quivered)
 d - a wand of charming (15)
 e - a wand of iceblast (4)
Scrolls
 k - a scroll of blinking
Potions
 f - a potion of curing
 g - a potion of heal wounds
 h - a potion of haste
 i - 2 potions of magic
 j - a potion of berserk rage


   Skills:
 + Level 0.8 Fighting
 + Level 5.1 Dodging
 + Level 1.9 Stealth
 + Level 7.4 Evocations


You had one spell level left.
You didn't know any spells.
Your spell library was empty.

Dungeon Overview and Level Annotations

Branches:
Dungeon (1/1)

Altars:


Innate Abilities, Weirdness & Mutations

You are very small and have problems with some larger weapons.
You are too small for most types of armour.
You have supernaturally acute eyesight. (SInv)
You cover ground extremely quickly. (Speed+++)


Message History

Welcome, Heoruswealwe the Spriggan Artificer.
Press ? for a list of commands and other information.
Found a staircase leading out of the dungeon.
As you open the door, it creaks loudly!
Ijyb the Twisted Goblin comes into view.
She is wielding a +0 club and carrying a wand of paralysis (15).
Ijyb shouts!
There is a staircase leading out of the dungeon here.
Aiming: Iceblast
Press: ? - help, Shift-Dir - straight line, f - Ijyb
Aim: Ijyb, wielding a +0 club, wearing a +0 ring mail and carrying a wand of paralysis (15)
The mass of ice explodes!
The iceblast engulfs Ijyb!
Ijyb is severely wounded.
The puff of flame misses Ijyb.
The puff of flame misses Ijyb.
Ijyb misses you.
The puff of flame hits Ijyb.
Ijyb is severely wounded.
Ijyb misses you.
The puff of flame hits Ijyb but does no damage.
Ijyb is severely wounded.
Ijyb screams, "Me kill you!" Ijyb hits you with a +0 club.
Ouch! That really hurt!
You are too injured to fight recklessly!
Aiming: Throw Flame
Press: ? - help, Shift-Dir - straight line, f/p - Ijyb
Aim: Ijyb, wielding a +0 club, wearing a +0 ring mail and carrying a wand of paralysis (15) (severely wounded, 68% to hit)
The puff of flame misses Ijyb.
Ijyb barely misses you.
Aiming: Throw Flame
Press: ? - help, Shift-Dir - straight line, f/p - Ijyb
Aim: Ijyb, wielding a +0 club, wearing a +0 ring mail and carrying a wand of paralysis (15) (severely wounded, 68% to hit)
The puff of flame hits Ijyb!
You kill Ijyb!
Your Dodging skill gained 2 levels and is now at level 5!
Your Evocations skill gained 3 levels and is now at level 7!
You have reached level 2!
Unknown command.
Are you sure you want to leave the Dungeon?
This will make you lose the game!
You have escaped!

#### ##
#@)#..+
#..'..#
#..####
#..#
#..#
#..#
#⌠⌠#
####


There were no monsters in sight!

Vanquished Creatures
  Ijyb (D)
1 creature vanquished.

Notes
Turn   | Place    | Note
-------+----------+-------------------------------------------
     0 | D        | Heoruswealwe the Spriggan Artificer began the quest for the
                  | Orb.
     0 | D        | Reached XP level 1. HP: 9/9 MP: 2/2
     1 | D        | Noticed Ijyb
     9 | D        | Killed Ijyb
    10 | D        | Reached skill level 5 in Dodging
    10 | D        | Reached skill level 7 in Evocations
    10 | D        | Reached XP level 2. HP: 6/14 MP: 3/3
    11 | D        | Got out of the dungeon alive.

Illustrated notes

Levels and vault maps discovered:
D:        dungeon_sprint_1 [red_sonja_temple_1, red_sonja_temple_small_1]

Skill      XL: |  1 |
---------------+----+-----
Dodging        | 5 |  5.1
Evocations     | 7 |  7.4
Fighting       | |  0.8
Stealth        | |  1.9

Action                     || total
---------------------------++-------
  Evoke: Wand              ||     7
  Dodge: Dodged            ||     3
